 Dungeon Crawl Stone Soup version 0.27-a0-1586-gd5c625afe7 (webtiles) character file.

Game seed: 10208712132430249444

6 HAL9000 the Sneak (level 1, -1/11 HPs)
             Began as a Vine Stalker Brigand on July 18, 2021.
             Slain by a hobgoblin (2 damage)
             ... on level 1 of the Dungeon.
             The game lasted 00:00:15 (206 turns).

HAL9000 the Sneak (Vine Stalker Brigand)             Turns: 206, Time: 00:00:15

Health: -1/11      AC:  3    Str: 13    XL:     1   Next: 90%
Magic:  0/2        EV: 11    Int: 11    God:
Gold:   0          SH:  0    Dex: 15    Spells: 0/0 levels left

rFire    . . .     SeeInvis .   a - +2 dagger
rCold    . . .     Faith    .   (no shield)
rNeg     . . .     Spirit   +   b - +0 robe
rPois    .         Reflect  .   (no helmet)
rElec    .         Harm     .   c - +0 cloak
rCorr    .         Rampage  .   (no gloves)
Will     .....                  (no boots)
Stlth    +++.......             (no amulet)
HPRegen  0.03/turn              (no ring)
MPRegen  0.08/turn              (no ring)

@: no status effects
A: fangs 2, magic shield, antimagic bite, no potion heal 2
a: no special abilities


You were on level 1 of the Dungeon.
You visited 1 branch of the dungeon, and saw 1 of its levels.

Inventory:

Hand Weapons
 a - a +2 dagger (weapon)
Missiles
 d - 6 poisoned darts (quivered)
 e - 2 curare-tipped darts
Armour
 b - a +0 robe (worn)
 c - a +0 cloak (worn)
Jewellery
 g - a ring of flight
Scrolls
 f - a scroll of identify {unknown}


   Skills:
 - Level 1.7 Fighting
 - Level 1.7 Short Blades
 + Level 2.3 Throwing
 - Level 0.7 Dodging
 - Level 4.8 Stealth


You couldn't memorise any spells.
You didn't know any spells.
Your spell library was empty.

Dungeon Overview and Level Annotations

Branches:
Dungeon (1/15)

Altars:

Shops:
D:1 [


Innate Abilities, Weirdness & Mutations

You have extremely sharp teeth.
When hurt, damage is shared between your health and your magic reserves.
Your bite disrupts and absorbs the magic of your enemies.
Potions cannot restore your health.


Message History

The ball python bites you. The ball python barely misses you.
The ball python bites you but does no damage.
The ball python grabs you. The ball python constricts you.
The kobold hits you with a +0 short sword.
* * * LOW HITPOINT WARNING * * *
You escape the ball python's grasp.
The hobgoblin barely misses you.
A bat comes into view.
The ball python closely misses you. The ball python grabs you.
The ball python constricts you.
You escape the ball python's grasp.
Throw: 8 darts (poison)
Press: ? - help, Q - select action, (/) - cycle Shift-Dir - straight line, f - ball python
Aim: a ball python (55% to hit)
You throw a poisoned dart.
The poisoned dart barely misses the ball python.
The poisoned dart barely misses the kobold.
The poisoned dart hits the hobgoblin.
The hobgoblin is poisoned.
The ball python misses you. The ball python closely misses you.
You hit the ball python.
You kill the ball python!
You hit the kobold but do no damage. Your bite misses the kobold.
The kobold hits you with a +0 short sword.
* * * LOW HITPOINT WARNING * * *
Throw: 7 darts (poison)
Press: ? - help, Q - select action, (/) - cycle Shift-Dir - straight line, f - kobold
Aim: a kobold, wielding a +0 short sword (51% to hit)
You throw a poisoned dart. The poisoned dart hits the kobold.
The kobold is poisoned.
The kobold hits you with a +0 short sword.
You hit the kobold.
You kill the kobold!
You hit the hobgoblin.
You bite the hobgoblin, but do no damage.
The hobgoblin is heavily wounded.
The hobgoblin hits you but does no damage.
You hit the hobgoblin.
The hobgoblin is severely wounded.
The hobgoblin hits you.
You die...

################
...............#
##....>.#####.# ######.# #.#
#.# #.# #.# #.# #.# #@# #.#
#g# # #.# #.# .# #.##
#.#####.####.##...#
#######.................###
#................###...$..
#.##.##.#.##..##.###....####
#.##.##.#.##..##.#.........##
......††..##..##...........∩.


You could see a hobgoblin (poisoned).

Vanquished Creatures
  2 hobgoblins (D:1)
  2 kobolds (D:1)
  A ball python (D:1)
  A frilled lizard (D:1)
6 creatures vanquished.

Notes
Turn   | Place    | Note
-------+----------+-------------------------------------------
     0 | D:1      | HAL9000 the Vine Stalker Brigand began the quest for the
                  | Orb.
     0 | D:1      | Reached XP level 1. HP: 11/11 MP: 2/2
   176 | D:1      | Found Jujoecen's Armour Shop.
   206 | D:1      | Slain by a hobgoblin

Illustrated notes

Levels and vault maps discovered:
D:1:      minmay_arrival_wavy_path, layout_loops_ring, serial_shops, shop,
          minmay_pentomino_x4

Skill      XL: |  1 |
---------------+----+-----
Throwing       | 2 |  2.3
Fighting       | |  1.7
Short Blades   | |  1.7
Dodging        | |  0.7
Stealth        | |  4.8

Action                   || total
-------------------------++-------
Melee: Dagger            ||    23
       Bite              ||     9
Throw: Dart              ||     5
Armor: Robe              ||     4
Dodge: Dodged            ||    15

Table legend: (Time is in decaauts)
 A = Elapsed time spent in this place.
 B = Non-inter-level travel time spent in this place.
 C = Inter-level travel time spent in this place.
 D = Time resting spent in this place.
 E = Time spent auto-exploring this place.
 F = Levels seen in this place.
 G = Mean time per level.
                   A        B        C        D        E       F      G
               +--------+--------+--------+--------+--------+-----+--------+
         Total |    203 |    203 |      0 |      0 |    145 |   1 |  203.0 |
       Dungeon |    203 |    203 |      0 |      0 |    145 |   1 |  203.0 |
               +--------+--------+--------+--------+--------+-----+--------+

Top non-repeatable levels by time:
     D:1: 203 daAuts
